 Dungeon Crawl Stone Soup version 0.26-a0-264-g3a471323bd (webtiles) character file.

Game seed: 12087382932379762783

177 BritishOli the Covered (level 5, 0/41 HPs)
             Began as a Demonspawn Fighter on July 11, 2020.
             Killed by nerve-wracking pain
             ... invoked by Grinder
              (1 damage)
             ... while paralysed by Grinder
             ... on level 4 of the Dungeon.
             The game lasted 00:01:52 (2638 turns).

BritishOli the Covered (Demonspawn Fighter)         Turns: 2638, Time: 00:01:53

Health: 0/41       AC:  7    Str: 18    XL:     5   Next: 30%
Magic:  5/5        EV:  2    Int:  9    God:
Gold:   165        SH:  0    Dex: 12    Spells: 4/4 levels left

rFire    . . .     SeeInvis .   a - +0 long sword
rCold    . . .     Faith    +   c - +0 kite shield
rNeg     . . .     Spirit   .   b - +0 scale mail
rPois    .         Reflect  .   (no helmet)
rElec    .         Harm     .   (no cloak)
rCorr    .                      (no gloves)
MR       .....                  (no boots)
Stlth    ..........             i - amulet of faith
HPRegen  0.13/turn              (no ring)
MPRegen  0.09/turn              (no ring)

@: paralysed
A: claws 1, hooves 1
a: no special abilities


You were on level 4 of the Dungeon.
You were not hungry.

You visited 1 branch of the dungeon, and saw 4 of its levels.

You collected 165 gold pieces.

Inventory:

Hand Weapons
 a - a +0 long sword (weapon)
Armour
 b - a +0 scale mail (worn)
 c - a +0 kite shield (worn)
Jewellery
 i - an amulet of faith (around neck)
 o - an uncursed ring of positive energy {unknown}
 p - a +6 ring of intelligence
 s - a cursed ring of ice {unknown}
 v - an uncursed ring of resist corrosion
Scrolls
 e - 4 scrolls of remove curse {unknown}
 h - a scroll of fog {unknown}
 k - 2 scrolls of enchant armour {unknown}
 l - a scroll of enchant weapon {unknown}
 m - a scroll of blinking {unknown}
 q - 2 scrolls of identify {unknown}
 r - a scroll of random uselessness {unknown}
 t - 2 scrolls of teleportation {unknown}
 u - a scroll of noise {unknown}
Potions
 d - a potion of might
 g - a potion of ambrosia {unknown}
 j - a potion of heal wounds {unknown}
 n - 3 potions of lignification {unknown}
 w - a potion of stabbing {unknown}
Comestibles
 f - 20 rations


   Skills:
 + Level 3.6 Fighting
 * Level 3.3 Long Blades
 * Level 3.8 Armour
 + Level 3.3 Shields


You had 4 spell levels left.
You didn't know any spells.
Your spell library contained the following spells:

 Spells                   Type           Power        Failure   Level
 Sandblast                Erth           #.....       99%         1
 Passwall                 Tmut/Erth      #.......     100%        2
 Stone Arrow              Conj/Erth      #.....       100%        3
 Petrify                  Tmut/Erth      #.......     100%        4
 Lee's Rapid Deconstruct  Erth           #.........   100%        5


Dungeon Overview and Level Annotations

Branches:
Dungeon (4/15)
 Temple: D:4-7

Altars:

Annotations:
D:4 Grinder


Innate Abilities, Weirdness & Mutations

You have sharp fingernails.
You have large cloven feet.


Message History

Grinder is moderately wounded.
You block Grinder's attack.
You hit Grinder.
Grinder is moderately wounded.
Grinder hits you.
You writhe in agony.
* * * LOW HITPOINT WARNING * * *
You aren't carrying any items that you can evoke.
Your shield and scale mail prevent you from hitting Grinder.
Your kick misses Grinder.
Grinder is moderately wounded.
Grinder blinks!
Grinder says, "Don't move a muscle."
Grinder gestures at you. Pain shoots through your body!
* * * LOW HITPOINT WARNING * * *
Grinder gestures at you.
You suddenly lose the ability to move!
Grinder gestures at you. Pain shoots through your body!
You die...

### #.# #########
#.# #.......#
#####.#####.#####.#
.. ............#
#.####...>
##........###
#.........
..........#
##..#######
#)........######@..#
#.........##......##
#.........#..5###.#
#...#######.... #.#
...#... ....##.#.#
##...#######. .#.#
###......###.## ..##
....####....... ...#
# #........# ##.# >.
..


You could see Grinder.

Vanquished Creatures
  An orc wizard (D:3)
  Robin (D:4)
  3 adders
  2 worms
  3 dart slugs
  4 leopard geckos
  4 orcs (D:3)
  3 giant cockroaches
  14 goblins
  8 hobgoblins
  A quokka (D:2)
  4 ball pythons
  10 bats
  4 frilled lizards
  9 kobolds
  A leopard gecko skeleton (D:4)
  22 rats
94 creatures vanquished.

Notes
Turn   | Place    | Note
-------+----------+-------------------------------------------
     0 | D:1      | BritishOli the Demonspawn Fighter began the quest for the
                  | Orb.
     0 | D:1      | Reached XP level 1. HP: 18/18 MP: 1/1
   185 | D:1      | Gained mutation: You have large cloven feet. [demonic
                  | ancestry]
   185 | D:1      | Reached XP level 2. HP: 24/24 MP: 2/2
   457 | D:1      | Reached XP level 3. HP: 24/29 MP: 3/3
   913 | D:2      | Found a faded altar of an unknown god.
  1165 | D:2      | Gained mutation: You have sharp fingernails. [demonic
                  | ancestry]
  1165 | D:2      | Reached XP level 4. HP: 35/35 MP: 4/4
  1919 | D:3      | Reached XP level 5. HP: 41/41 MP: 5/5
  2410 | D:4      | Noticed Robin
  2453 | D:4      | Killed Robin
  2626 | D:4      | Noticed Grinder
  2634 | D:4      | HP: 1/41 [Grinder/nerve-wracking pain (10)]
  2637 | D:4      | Paralysed by Grinder for 4 turns
  2638 | D:4      | Killed from afar by Grinder

Illustrated notes

Levels and vault maps discovered:
D:1:      giann_bridges, layout_rooms, minmay_pentomino_r4
D:2:      layout_loops_ring, chequers_ecumenical_altar_simple, minmay_rat_hole
D:3:      layout_basic
D:4:      layout_rooms, first_ration, uniq_eustachio, uniq_robin, uniq_grinder

Skill      XL: |  1  2  3  4 |
---------------+-------------+-----
Long Blades    | 2 3 |  3.3
Armour         | 3 |  3.8
Shields        | 3 |  3.3
Fighting       | |  3.6

Action                   |  1- 3 |  4- 6 || total
-------------------------+-------+-------++-------
Melee: Long sword        |   114 |   120 ||   234
       Kick              |    21 |    34 ||    55
  Eat: Ration            |     1 |     1 ||     2
Armor: Scale mail        |    69 |    66 ||   135
Dodge: Dodged            |    35 |    38 ||    73
Block: Kite shield       |    54 |    75 ||   129
       Rpst.: Long sword |     8 |    14 ||    22

Table legend:
 A = Non-vault XP
 B = Vault XP
 C = Vault XP percentage of total XP
 D = Non-vault monster count
 E = Vault monster count
 F = Vault count percentage of total count
                 A         B        C        D         E       F
            +---------+---------+-------+---------+---------+-------
      Total |     189 |      64 |  25.3 |      60 |      34 |  36.2
            +---------+---------+-------+---------+---------+-------
        D:1 |      42 |       8 |  16.0 |      23 |       3 |  11.5
        D:2 |      48 |      20 |  29.4 |      19 |      19 |  50.0
        D:3 |      83 |       0 |   0.0 |      15 |       0 |   0.0
        D:4 |      16 |      36 |  69.2 |       3 |      12 |  80.0
            +---------+---------+-------+---------+---------+-------
